 Dungeon Sprint DCSS version 0.23.1 (webtiles) character file.

Game seed: 6401735066580866410

2244 theY the Imperceptible (level 9, 0/60 (61) HPs)
             Began as a Vampire Enchanter on Mar 8, 2019.
             Was a High Priest of Dithmenos.
             Slain by a spriggan
             ... wielding a +0 short sword
              (4 damage)
             ... in the Dungeon (Sprint VII: "The Pits").
             The game lasted 00:03:46 (398 turns).

theY the Imperceptible (Vampire Enchanter)           Turns: 398, Time: 00:03:47

HP:   0/60 (61)     AC:  2    Str:  7    XL:     9   Next: 14%
MP:   8/16          EV: 15    Int: 17    God:    Dithmenos [*****.]
Gold: 0             SH:  0    Dex: 18    Spells: 6/18 levels left

rFire    . . .     SeeInvis +   q - +2 dagger (drain)
rCold    . . .     Gourm    .   (no shield)
rNeg     . . .     Faith    .   b - +0 robe
rPois    .         Spirit   .   (no helmet)
rElec    .         Reflect  .   (no cloak)
rCorr    .         Harm     .   (no gloves)
MR       .....     NoTele   +   (no boots)
Stlth    ++++++++++             (no amulet)
HPRegen  0.40/turn              (no ring)
MPRegen  0.15/turn              (no ring)

@: regenerating quickly, wreathed by umbra
A: fangs 3, see invisible, unbreathing
a: Shadow Step, Shadow Form, Renounce Religion


You were in the Dungeon.
You worshipped Dithmenos.
Dithmenos was extremely pleased with you.
You were very full.

You visited 1 branch

Inventory:

Hand Weapons
 a - a +1 dagger
 c - a +2 dagger
 q - a +2 dagger of draining (weapon)
 t - the +2 rapier of Drought {flame, -Tele rC+ Int+4}
   (You found it in the Dungeon)

   It has been specially enchanted to burn those struck by it, causing extra
   injury to most foes and up to half again as much damage against particularly
   susceptible opponents.
   It affects your intelligence (+4).
   It protects you from cold.
   It prevents most forms of teleportation.
Armour
 b - a +0 robe (worn)
Magical Staves
 p - an uncursed staff of energy
Jewellery
 r - a +3 ring of intelligence
 u - a +3 ring of protection
Scrolls
 j - a scroll of blinking
 l - 3 scrolls of remove curse
 m - 5 scrolls of amnesia
 n - a scroll of summoning
 o - 2 scrolls of vulnerability
Potions
 d - 6 potions of blood
 e - 6 potions of curing
 f - 12 potions of heal wounds
 g - 2 potions of haste
 h - 4 potions of magic
 i - a potion of berserk rage
 k - 2 potions of invisibility
 s - 2 potions of might
 v - a potion of agility
 w - a potion of brilliance


   Skills:
 + Level 1.8 Fighting
 + Level 5.3 Short Blades
 + Level 5.0 Dodging
 * Level 23.6 Stealth
 + Level 5.0 Spellcasting
 + Level 10.9 Hexes
 + Level 2.2 Ice Magic
 + Level 1.1 Invocations


You had 6 spell levels left.
You knew the following spells:

 Your Spells              Type           Power        Failure   Level  Hunger
a - Corona                Hex            #####..      1%          1    None
b - Ensorcelled Hibernat  Hex/Ice        ####..       1%          2    #......
c - Confuse               Hex            #####...     1%          3    ###....
d - Tukima's Dance        Hex            #####...     1%          3    ###....
e - Dazzling Spray        Conj/Hex       ###...       4%          3    ###....

Your spell library contained the following spells:

 Spells                   Type           Power        Failure   Level  Hunger


Dungeon Overview and Level Annotations

Branches:
Dungeon (1/1)

Altars:
Ashenzari
Cheibriados
Dithmenos
Elyvilon
Fedhas
Gozag
Hepliaklqana
Kikubaaqudgha
Makhleb
Nemelex Xobeh
Okawaru
Qazlal
Ru
Sif Muna
Trog
Uskayaw
Vehumet
Wu Jian
Xom
Yredelemnul
Zin
The Shining One
Beogh
Jiyva
Lugonu


Innate Abilities, Weirdness & Mutations

Your natural rate of healing is unusually fast.
You have razor-sharp teeth.
You have supernaturally acute eyesight. (SInv)
You can survive without breathing.


Message History

You are too injured to fight recklessly!
You are too injured to fight recklessly!
You hit the spriggan. You drain the spriggan.
The spriggan is moderately wounded.
The spriggan hits you with a +0 short sword.
The spriggan druid hits you with a +0 quarterstaff.
You hit the spriggan. You drain the spriggan. Your bite misses the spriggan.
The spriggan is heavily wounded.
The orange demon stings you from afar.
* * * LOW HITPOINT WARNING * * *
You hit the spriggan. You drain the spriggan.
The spriggan is almost dead.
The spriggan hits you with a +0 short sword.
* * * LOW HITPOINT WARNING * * *
The spriggan druid barely misses you. The orange demon stings you from afar!
* * * LOW HITPOINT WARNING * * *
You miss the spriggan.
The spriggan is almost dead.
The spriggan hits you with a +0 short sword.
You die...

#++## #... #... #..#
#..# #4.# #######
#.i# ..##..# #@.#
..##..# #i.# ..''..#
#..#
..''..##########..#
..##......รท)......#
..##..............#
###################


You could see an orange demon, a spriggan druid and a spriggan.

Vanquished Creatures
  A hydra (D)
  A two-headed ogre (D)
  A jumping spider (D)
  A redback (D)
  A water moccasin (D)
  2 necrophages (D)
  A centaur (D)
  A big kobold (D)
  A gnoll sergeant (D)
  An iron imp (D)
  A jelly (D)
  A river rat (D)
  An ooze (D)
  3 orcs (D)
  A ball python (D)
  A giant cockroach (D)
  2 hobgoblins (D)
  2 kobolds (D)
  A frilled lizard (D)
  A goblin (D)
  A rat (D)
26 creatures vanquished.

Notes
Turn   | Place    | Note
-------+----------+-------------------------------------------
     0 | D        | theY the Vampire Enchanter began the quest for the Orb.
     0 | D        | Reached XP level 1. HP: 13/13 MP: 3/3
    11 | D        | Reached skill level 5 in Stealth
    16 | D        | Found a bloodstained altar of Trog.
    16 | D        | Found a deep blue altar of Sif Muna.
    16 | D        | Found a viscous altar of Jiyva.
    16 | D        | Found a hazy altar of Hepliaklqana.
    16 | D        | Found an opulent altar of Gozag.
    17 | D        | Found a glowing golden altar of the Shining One.
    17 | D        | Found a glowing silver altar of Zin.
    17 | D        | Found a basalt altar of Yredelemnul.
    17 | D        | Found a shimmering altar of Xom.
    17 | D        | Found an ornate altar of the Wu Jian Council.
    17 | D        | Found a sacrificial altar of Ru.
    17 | D        | Found a stormy altar of Qazlal.
    17 | D        | Found an iron altar of Okawaru.
    17 | D        | Found a sparkling altar of Nemelex Xobeh.
    17 | D        | Found a burning altar of Makhleb.
    17 | D        | Found a blossoming altar of Fedhas.
    17 | D        | Found a white marble altar of Elyvilon.
    17 | D        | Found a shadowy altar of Dithmenos.
    17 | D        | Found a snail-covered altar of Cheibriados.
    18 | D        | Found a radiant altar of Vehumet.
    18 | D        | Found a corrupted altar of Lugonu.
    18 | D        | Found a roughly hewn altar of Beogh.
    19 | D        | Found an ancient bone altar of Kikubaaqudgha.
    19 | D        | Found a hide-covered altar of Uskayaw.
    19 | D        | Found a shattered altar of Ashenzari.
    24 | D        | Became a worshipper of Dithmenos the Shadowed
    60 | D        | Reached skill level 5 in Hexes
    93 | D        | Reached * piety under Dithmenos
    93 | D        | Reached skill level 6 in Stealth
    93 | D        | Reached XP level 2. HP: 14/19 MP: 5/5
    99 | D        | Learned a level 2 spell: Ensorcelled Hibernation
   101 | D        | Reached skill level 7 in Stealth
   110 | D        | Reached ** piety under Dithmenos
   163 | D        | Noticed a necrophage
   189 | D        | Killed a necrophage
   189 | D        | Reached *** piety under Dithmenos
   189 | D        | Reached skill level 11 in Stealth
   189 | D        | Reached XP level 3. HP: 23/23 MP: 5/7
   189 | D        | Reached XP level 4. HP: 29/29 MP: 5/8
   199 | D        | Learned a level 3 spell: Confuse
   203 | D        | Learned a level 3 spell: Tukima's Dance
   210 | D        | Noticed a water moccasin
   211 | D        | Noticed a big kobold
   213 | D        | Killed a water moccasin
   213 | D        | Reached skill level 14 in Stealth
   213 | D        | Reached XP level 5. HP: 34/34 MP: 8/10
   216 | D        | Reached skill level 15 in Stealth
   216 | D        | Reached XP level 6. HP: 40/40 MP: 8/11
   229 | D        | Reached **** piety under Dithmenos
   241 | D        | Noticed a redback
   243 | D        | Killed a redback
   243 | D        | Reached skill level 17 in Stealth
   244 | D        | Noticed a jumping spider
   251 | D        | Killed a jumping spider
   251 | D        | Reached skill level 19 in Stealth
   251 | D        | Reached skill level 10 in Hexes
   251 | D        | Reached XP level 7. HP: 26/46 MP: 3/13
   272 | D        | Got the +2 rapier of Drought {flame, -Tele rC+ Int+4}
   294 | D        | Reached skill level 1 in Fighting
   300 | D        | Reached ***** piety under Dithmenos
   304 | D        | Reached skill level 20 in Stealth
   368 | D        | Noticed a four-headed hydra
   369 | D        | Noticed a two-headed ogre
   372 | D        | Killed a four-headed hydra
   372 | D        | Reached skill level 22 in Stealth
   372 | D        | Reached skill level 1 in Ice Magic
   372 | D        | Reached XP level 8. HP: 49/53 MP: 9/15
   374 | D        | Killed a two-headed ogre
   374 | D        | Reached skill level 5 in Short Blades
   374 | D        | Reached skill level 5 in Dodging
   374 | D        | Reached skill level 23 in Stealth
   374 | D        | Reached skill level 5 in Spellcasting
   374 | D        | Reached skill level 1 in Invocations
   374 | D        | Reached XP level 9. HP: 56/60 MP: 9/16
   385 | D        | Learned a level 3 spell: Dazzling Spray
   392 | D        | Noticed a spriggan druid
   393 | D        | Noticed an orange demon
   397 | D        | HP: 3/60 [orange demon (13)]
   398 | D        | Slain by a spriggan

Skill      XL: |  1  2  3  4  5  6  7  8 |
---------------+-------------------------+-----
Stealth        | 6 11 14 15 19 22 23 | 23.6
Hexes          | 5 7 8 9 10 | 10.9
Short Blades   | 2 3 4 5 |  5.3
Dodging        | 3 4 5 |  5.0
Spellcasting   | 3 4 5 |  5.0
Fighting       | 1 |  1.8
Ice Magic      | 1 2 |  2.2
Invocations    | 1 |  1.1

Action                   |  1- 3 |  4- 6 |  7- 9 || total
-------------------------+-------+-------+-------++-------
Melee: Dagger            |    39 |     9 |    16 ||    64
       Bite              |     3 |       |     3 ||     6
 Cast: Ensorcelled Hiber |       |     2 |     2 ||     4
       Confuse           |       |       |     1 ||     1
Invok: Shadow Step       |       |     1 |     2 ||     3
  Use: Potion            |     1 |       |     1 ||     2
 Stab: Sleeping          |     8 |     8 |     5 ||    21
  Eat: Corpse            |     3 |     3 |       ||     6
Armor: Robe              |     2 |       |       ||     2
Dodge: Dodged            |    19 |     3 |     4 ||    26
